 Dungeon Crawl Stone Soup version 0.27-a0-492-ga4bb394fd4 (webtiles) character file.

Game seed: 9481899516427232876

183 Gaff the Sneak (level 5, 0/31 HPs)
             Began as a Kobold Brigand on Mar 2, 2021.
             Killed from afar by Sigmund (4 damage)
             ... with a puff of flame
             ... on level 3 of the Dungeon.
             The game lasted 00:06:35 (2517 turns).

Gaff the Sneak (Kobold Brigand)                     Turns: 2517, Time: 00:06:36

Health: 0/31       AC:  5    Str:  8    XL:     5   Next: 94%
Magic:  5/5        EV: 15    Int: 13    God:
Gold:   143        SH:  0    Dex: 17    Spells: 4/4 levels left

rFire    . . .     SeeInvis .   r - +0 short sword (venom)
rCold    . . .     Faith    .   (shield restricted)
rNeg     . . .     Spirit   .   w - +0 leather armour
rPois    .         Reflect  .   t - +0 helmet
rElec    .         Harm     .   c - +0 cloak
rCorr    +         Rampage  .   (no gloves)
Will     .....                  (no boots)
Stlth    ++++......             h - amulet of regeneration
HPRegen  1.10/turn              m - ring of resist corrosion
MPRegen  0.09/turn              (no ring)

@: no status effects
A: small, nightstalker 3
a: no special abilities


You were on level 3 of the Dungeon.
You visited 1 branch of the dungeon, and saw 3 of its levels.

You collected 143 gold pieces.

Inventory:

Hand Weapons
 a - a +2 dagger
 r - a +0 short sword of venom (weapon)
Missiles
 d - 8 poisoned darts (quivered)
 e - 10 curare-tipped darts
 v - 3 boomerangs
Armour
 c - a +0 cloak (worn)
 t - a +0 helmet (worn)
 w - a +0 leather armour (worn)
Jewellery
 h - an amulet of regeneration (around neck)
 m - a ring of resist corrosion (left hand)
Wands
 b - a wand of iceblast (9)
 s - a wand of random effects (18)
Scrolls
 f - a scroll of identify {unknown}
 g - a scroll of magic mapping {unknown}
 i - a scroll of teleportation {unknown}
 j - a scroll of blinking {unknown}
 n - 3 scrolls of noise {unknown}
 p - a scroll of enchant weapon {unknown}
 q - a scroll of enchant armour {unknown}
Potions
 k - 3 potions of lignification {unknown}
 l - a potion of heal wounds {unknown}
 o - a potion of invisibility {unknown}
 u - a potion of brilliance {unknown}
 x - a potion of curing {unknown}


   Skills:
 + Level 2.5 Fighting
 + Level 5.1 Short Blades
 + Level 2.3 Throwing
 * Level 2.9 Dodging
 - Level 7.0 Stealth


You had 4 spell levels left.
You didn't know any spells.
Your spell library was empty.

Dungeon Overview and Level Annotations

Branches:
Dungeon (3/15)

Altars:
Ashenzari

Annotations:
D:2 1 runed translucent door, Crazy Yiuf
D:3 Sigmund


Innate Abilities, Weirdness & Mutations

You are small and have problems with some larger weapons.
You are completely attuned to the shadows.


Message History

You hear a splash. x2
Your Short Blades skill increases to level 5!
You enter the shallow water.
Moving in this stuff is going to be slow.
b - a wand of iceblast (9)
You see here a +0 ring mail.
You see here a dart slug corpse.
u - a yellow potion
Found a stone staircase leading down.
x - a black potion You now have 126 gold pieces (gained 12).
A hobgoblin comes into view. It is wielding a +0 club.
Found a stone staircase leading down.
The helpless hobgoblin fails to defend itself.
You spit the hobgoblin like a pig!!!
You kill the hobgoblin!
An ooze comes into view.
You see here a +0 club.
The helpless ooze fails to defend itself.
You spit the ooze like a pig!!!
You kill the ooze!
There is a stone staircase leading down here.
You now have 137 gold pieces (gained 11).
You now have 143 gold pieces (gained 6).
A goblin comes into view.
The goblin shouts!
You hear a shout!
You barely miss the goblin. The goblin hits you.
Sigmund the Dreaded comes into view.
He is wielding a +0 scythe and carrying a wand of flame (23).
The goblin closely misses you.
You closely miss the goblin. The goblin closely misses you.
Sigmund hits you from afar with a +0 scythe!
Okay, then.
The goblin misses you.
Sigmund zaps a wand.
The puff of flame hits you!
* * * LOW HITPOINT WARNING * * *
The goblin wields a +0 hunting sling.
The goblin shoots a stone.
The stone hits you.
* * * LOW HITPOINT WARNING * * *
Sigmund zaps a wand.
The puff of flame hits you.
You die...

####### #...... #......
#...... #g..@...# ###
#.......# #.. #.......#
#.. #@......########..
#.................
#######.......########..
#.............#######...
#.......#...............
#.......##.##########.#.
#.............#######.#.
###.....................
#>...........####.....


You could see Sigmund and a goblin.

Vanquished Creatures
  A hound (D:3)
  Ijyb (D:3)
  Robin (D:2)
  An adder (D:3)
  An ooze (D:3)
  A worm (D:2)
  4 dart slugs
  4 leopard geckos
  6 orcs (D:3)
  3 giant cockroaches
  11 goblins
  12 hobgoblins
  3 jackals (D:1)
  6 bats
  13 frilled lizards
  9 kobolds
  7 rats
84 creatures vanquished.

Vanquished Creatures (others)
  3 plants (D:3)
3 creatures vanquished.

Grand Total: 87 creatures vanquished

Notes
Turn   | Place    | Note
-------+----------+-------------------------------------------
     0 | D:1      | Gaff the Kobold Brigand began the quest for the Orb.
     0 | D:1      | Reached XP level 1. HP: 12/12 MP: 1/1
    62 | D:1      | Reached XP level 2. HP: 17/17 MP: 2/2
   309 | D:1      | Reached skill level 6 in Stealth
   449 | D:1      | Reached XP level 3. HP: 17/22 MP: 3/3
  1334 | D:2      | Found a faded altar of an unknown god.
  1491 | D:2      | Reached XP level 4. HP: 27/27 MP: 4/4
  1537 | D:2      | Found a broken altar of Ashenzari.
  1687 | D:2      | Found a runed translucent door.
  1690 | D:2      | Noticed Crazy Yiuf
  1845 | D:2      | Noticed Robin
  1854 | D:2      | Killed Robin
  2133 | D:3      | Reached XP level 5. HP: 31/31 MP: 5/5
  2182 | D:3      | Reached skill level 7 in Stealth
  2342 | D:3      | Noticed Ijyb
  2369 | D:3      | Killed Ijyb
  2370 | D:3      | Reached skill level 5 in Short Blades
  2512 | D:3      | Noticed Sigmund
  2517 | D:3      | Killed from afar by Sigmund

Illustrated notes

Levels and vault maps discovered:
D:1:      erik_arrival_blinker_ship, layout_loops_corners, minmay_lizard_pond
D:2:      layout_loops_cross, chequers_ecumenical_altar_simple_redux,
          evilmike_ruin_ashenzari, uniq_robin, uniq_crazy_yiuf_cottage
D:3:      layout_basic, serial_bayou_lagoon_b, uniq_sigmund, uniq_ijyb

Skill      XL: |  1  2  3  4  5 |
---------------+----------------+-----
Stealth        | 6 7 |  7.0
Short Blades   | 3 4 5 |  5.1
Dodging        | 2 |  2.9
Fighting       | |  2.5
Throwing       | |  2.3

Action                   |  1- 3 |  4- 6 || total
-------------------------+-------+-------++-------
Melee: Dagger            |   105 |     7 ||   112
       Short sword       |       |   122 ||   122
Throw: Dart              |       |     2 ||     2
 Stab: Sleeping          |    18 |     5 ||    23
       Distracted        |     1 |       ||     1
Armor: Robe              |    11 |    11 ||    22
       Animal skin       |       |     1 ||     1
       Leather armour    |       |     9 ||     9
Dodge: Dodged            |    61 |    86 ||   147

Table legend: (Time is in decaauts)
 A = Elapsed time spent in this place.
 B = Non-inter-level travel time spent in this place.
 C = Inter-level travel time spent in this place.
 D = Time resting spent in this place.
 E = Time spent auto-exploring this place.
 F = Levels seen in this place.
 G = Mean time per level.
                   A        B        C        D        E       F      G
               +--------+--------+--------+--------+--------+-----+--------+
         Total |   2489 |   2384 |    105 |     22 |   1715 |   3 |  829.7 |
       Dungeon |   2489 |   2384 |    105 |     22 |   1715 |   3 |  829.7 |
               +--------+--------+--------+--------+--------+-----+--------+

Top non-repeatable levels by time:
     D:1: 1084 daAuts
     D:2: 1008 daAuts
     D:3: 396 daAuts
